 Dungeon Crawl Stone Soup version 0.19.1 (webtiles) character file.

34 Legion1337 the Charmwright (level 3, -1/24 HPs)
             Began as a Halfling Skald on Dec 8, 2016.
             Slain by a goblin
             ... wielding a +0 dagger of freezing
              (5 damage)
             ... while paralysed
             ... on level 1 of the Dungeon.
             The game lasted 00:06:38 (6449 turns).

Legion1337 the Charmwright (Halfling Skald)         Turns: 6449, Time: 00:06:39

Health: -1/24      AC:  3    Str: 13    XL:     3   Next: 50%
Magic:  5/5        EV:  3    Int: 10    God:
Gold:   60         SH:  0    Dex: 14    Spells: 1 memorised, 4 levels left

rFire  . . .     SeeInvis .     a - +0 falchion
rCold  . . .     Gourm    .     b - +0 leather armour
rNeg   . . .     Faith    .     (shield restricted)
rPois  .         Spirit   .     (no helmet)
rElec  .         Reflect  .     (no cloak)
rCorr  .         Harm     .     (no gloves)
MR     .....                    (no boots)
Stlth  +.........               (no amulet)
                                (no ring)
                                (no ring)

@: paralysed, fainting
A: mutation resistance 1
a: no special abilities


You were on level 1 of the Dungeon.
You were fainting.

You visited 1 branch of the dungeon, and saw 1 of its levels.

You collected 60 gold pieces.

Inventory:

Hand Weapons
 a - a +0 falchion (weapon)
Armour
 b - a +0 leather armour (worn)
Jewellery
 j - an uncursed ring of fire {unknown}
Scrolls
 h - a scroll of fog {unknown}
 k - a scroll of remove curse {unknown}
 l - 5 scrolls of identify {unknown}
 n - a scroll of enchant armour {unknown}
Potions
 e - a potion of magic {unknown}
 f - a potion of invisibility {unknown}
 g - a potion of cancellation {unknown}
 i - a potion of curing {unknown}
 m - a potion of resistance {unknown}
 o - a potion of agility {unknown}
Books
 c - a book of Battle

   Spells                             Type                      Level
   a - Infusion                       Charms                       1
   b - Shroud of Golubria             Charms/Translocation         2
   c - Song of Slaying                Charms                       2
   d - Spectral Weapon                Hexes/Charms                 3
   e - Regeneration                   Charms/Necromancy            3


   Skills:
 + Level 1.9 Fighting
 + Level 2.1 Long Blades
 + Level 2.1 Armour
 + Level 1.3 Dodging
 + Level 0.2 Stealth
 + Level 1.6 Spellcasting
 + Level 3.8 Charms


You had 4 spell levels left.
You knew the following spells:

 Your Spells              Type           Power        Failure   Level  Hunger
a - Infusion              Chrm           #...         12%         1    ##.....


Dungeon Overview and Level Annotations

Branches:
Dungeon (1/15)

Altars:


Innate Abilities, Weirdness & Mutations

You are small and have problems with some larger weapons.
You are somewhat resistant to further mutation.


Message History

Your Armour skill increases to level 2!
You're too hungry to rest.
You're too hungry to rest.
You're too hungry to rest.
You're too hungry to rest.
You lose consciousness!
You can move again.
A goblin comes into view. It is wielding a dagger of freezing.
The goblin shouts!
The goblin misses you.
You riposte.
You miss the goblin. The goblin closely misses you.
You riposte.
You closely miss the goblin.
You lose consciousness!
The goblin hits you with a dagger of freezing.
* * * LOW HITPOINT WARNING * * *
The goblin freezes you.
* * * LOW HITPOINT WARNING * * *
The goblin hits you but does no damage. x2
The goblin barely misses you.
The goblin hits you with a dagger of freezing.
You die...

#.#......................#.
#.##########<>############.
#.................#........
#################.#.#######
########## #.[.# .........#####
###..# .............# #....######
...).........#########.#..#....#
......).........@g......#.#....#
...(.)......)############.#....##
#####)..............(.....'....'†
# #.###....##############....##
#.# #....# #....## #.# #....#
#....## #.# #....# #....## #.#
#....# #....## ### #....# #....##


You could see a goblin.

Vanquished Creatures
  A howler monkey zombie (D:1)
  A giant cockroach (D:1)
  3 hobgoblins (D:1)
  7 jackals (D:1)
  3 bats (D:1)
  4 goblins (D:1)
  A kobold (D:1)
20 creatures vanquished.

Notes
Turn   | Place    | Note
-------+----------+-------------------------------------------
     0 | D:1      | Legion1337 the Halfling Skald began the quest for the Orb.
     0 | D:1      | Reached XP level 1. HP: 14/14 MP: 3/3
   456 | D:1      | Reached XP level 2. HP: 16/19 MP: 4/4
  1792 | D:1      | Paralysed by fainting for 5 turns
  1829 | D:1      | Paralysed by fainting for 6 turns
  1851 | D:1      | Paralysed by fainting for 5 turns
  3260 | D:1      | Paralysed by fainting for 10 turns
  3312 | D:1      | Paralysed by fainting for 9 turns
  3369 | D:1      | Paralysed by fainting for 11 turns
  4397 | D:1      | Reached XP level 3. HP: 24/24 MP: 5/5
  4720 | D:1      | Paralysed by fainting for 10 turns
  4736 | D:1      | Paralysed by fainting for 12 turns
  4787 | D:1      | Paralysed by fainting for 10 turns
  6365 | D:1      | Paralysed by fainting for 5 turns
  6397 | D:1      | Paralysed by fainting for 8 turns
  6445 | D:1      | Paralysed by fainting for 5 turns
  6449 | D:1      | Slain by a goblin

Skill      XL: |  1  2  3 |
---------------+----------+-----
Armour         | 2 |  2.1
Fighting       | |  1.9
Long Blades    | |  2.1
Dodging        | |  1.3
Stealth        | |  0.2
Spellcasting   | |  1.6
Charms         | |  3.8

Action                   || total
-------------------------++-------
Melee: Falchion          ||    72
  Eat: Bread ration      ||     2
       Meat ration       ||     1
Armor: Leather armour    ||    28
Dodge: Dodged            ||    62
       Rpst.: Falchion   ||    24
